 Dungeon Crawl Stone Soup version 0.23.1 (webtiles) character file.

Game seed: 15819194635002033749

71 Irenicus the Insei (level 4, -5/28 HPs)
             Began as an Octopode Transmuter on Mar 3, 2019.
             Slain by an orc
             ... wielding a +0 flail
              (9 damage)
             ... on level 3 of the Dungeon.
             The game lasted 00:05:14 (734 turns).

Irenicus the Insei (Octopode Transmuter)             Turns: 734, Time: 00:05:15

Health: -5/28      AC:  1    Str: 14    XL:     4   Next: 24%
Magic:  7/7        EV: 13    Int: 18    God:
Gold:   11         SH:  0    Dex: 12    Spells: 4/7 levels left

rFire    + . .     SeeInvis .     - Unarmed
rCold    . . .     Gourm    .   (no shield)
rNeg     . . .     Faith    .   (helmet restricted)
rPois    .         Spirit   .   (no amulet)
rElec    .         Reflect  .   (no ring)
rCorr    .         Harm     .   (no ring)
MR       .....                  (no ring)
Stlth    ++........             (no ring)
HPRegen  0.09/turn              (no ring)
MPRegen  0.10/turn              (no ring)
                                (no ring)
                                (no ring)

@: mighty, hasted, very quick
A: almost no armour, stealthy swim, amphibious, 8 rings, constrict 8, camouflage
1, clever 1, fire resistance 1, wild magic 1, gelatinous body 1
a: no special abilities


You were on level 3 of the Dungeon.
You were not hungry.

You visited 1 branch of the dungeon, and saw 3 of its levels.

You collected 11 gold pieces.

Inventory:

Missiles
 a - 30 arrows (quivered)
Scrolls
 b - 2 scrolls of remove curse {unknown}
 e - a scroll of noise {unknown}
 g - a scroll of fear {unknown}
 h - a scroll of immolation {unknown}
Potions
 f - a potion of mutation {!q}
 i - a potion of curing {unknown}
Comestibles
 c - 5 rations


   Skills:
 - Level 1.0 Fighting
 - Level 2.0 Dodging
 + Level 5.0 Unarmed Combat
 - Level 2.0 Spellcasting
 - Level 2.0 Transmutations


You had 4 spell levels left.
You knew the following spells:

 Your Spells              Type           Power        Failure   Level  Hunger
a - Beastly Appendage     Tmut           ##....       12%         1    #......
s - Sticks to Snakes      Tmut           ##......     17%         2    ###....

Your spell library contained the following spells:

 Spells                   Type           Power        Failure   Level  Hunger
 Spider Form              Tmut/Pois      #.........   43%         3    ###....
 Ice Form                 Ice/Tmut       #.......     82%         4    #####..
 Blade Hands              Tmut           ##........   95%         5    ######.


Dungeon Overview and Level Annotations

Branches:
Dungeon (3/15)

Altars:
Dithmenos
Gozag


Innate Abilities, Weirdness & Mutations

You cannot wear most types of armour.
You are very stealthy in the water. (Stealth+)
You are amphibious.
You can wear up to eight rings at the same time.
You can use your tentacles to constrict eight enemies at once.
Your skin changes colour to match your surroundings (Stealth+).
Your rubbery body absorbs attacks. (AC +1, EV +1)
Your mind is acute. (Int +2)
Your flesh is heat resistant. (rF+)
Your spells are a little harder to cast, but a little more powerful.


Message History

The adder bites you. The adder misses you.
You take 2 damage, and have 21/23 hp.
You tentacle-slap the adder. You constrict the adder. The adder bites you.
You are poisoned.
The adder poisons you!
You take 4 damage, and have 17/23 hp.
You barely miss the adder. You constrict the adder.
You feel sick. The adder barely misses you.
You tentacle-slap the adder but do no damage.
You squeeze the adder. You constrict the adder.
You kill the adder!
You feel sick. The dart slug closely misses you.
You see here an adder corpse.
You take 1 damage, and have 16/23 hp.
You bludgeon the dart slug! You grab the dart slug.
You tentacle-slap the dart slug.
You kill the dart slug!
Found an escape hatch in the ceiling.
You feel sick.
You take 1 damage, and have 15/23 hp.
You feel sick.
You take 1 damage, and have 14/23 hp.
You feel sick.
You take 1 damage, and have 13/23 hp.
You feel sick.
You take 1 damage, and have 13/23 hp.
c - 5 rations (gained 1)
You feel sick.
You are no longer poisoned.
You take 1 damage, and have 12/23 hp.
An adder comes into view.
The helpless adder fails to defend itself.
You tentacle-slap the adder but do no damage.
Your grab misses the adder. The adder barely misses you. The adder misses you.
You closely miss the adder. Your grab misses the adder. The adder misses you.
You barely miss the adder. You grab the adder. You constrict the adder.
The adder barely misses you.
You barely miss the adder.
You constrict the adder, but do no damage.
The adder bites you.
You take 2 damage, and have 11/23 hp.
You tentacle-slap the adder. x2; You constrict the adder.
The adder completely misses you.
You tentacle-slap the adder.
You kill the adder!
You have reached level 4!
You regained 2 hp, and now have 13/28 hp.
MP restored: 7
i - a ruby potion A goblin comes into view.
It is wielding a +0 dagger.
The goblin shouts!
You hear an angry hiss.
You tentacle-slap the goblin. You grab the goblin.
You constrict the goblin, but do no damage.
The goblin closely misses you.
You tentacle-slap the goblin.
You kill the goblin!
A rat comes into view.
A rat comes into view.
You tentacle-slap the rat. Your grab misses the rat. You squeeze the rat.
You kill the rat!
You see here a rat corpse.
The rat completely misses you.
You closely miss the rat. Your grab misses the rat. The rat misses you.
You tentacle-slap the rat.
You kill the rat!
j - a fuming white potion An orc comes into view.
The orc shouts!
You hear a shout! x2
An orc comes into view. It is wielding a +0 whip.
An orc comes into view. It is wielding a +0 flail.
You aren't carrying any items that you can evoke.
Okay, then.
The orc throws a tomahawk.
The tomahawk hits you.
You take 5 damage, and have 15/28 hp.
The orc hits you with a +0 whip.
Found an escape hatch in the floor.
You take 4 damage, and have 11/28 hp.
You bludgeon the orc!
You kill the orc!
You barely miss the orc. Your grab misses the orc. The orc hits you.
* * * LOW HITPOINT WARNING * * *
You take 4 damage, and have 7/28 hp.
You closely miss the orc. You grab the orc. You constrict the orc.
It was a potion of mutation.
You feel extremely strange.
You feel resistant to heat.
You feel clever.
You feel less in control of your magic.
You constrict the orc. The orc misses you.
It was a potion of haste.
You feel yourself speed up.
You constrict the orc. The orc hits you.
* * * LOW HITPOINT WARNING * * *
You take 4 damage, and have 3/28 hp.
You tentacle-slap the orc but do no damage.
You tentacle-slap the orc. You squeeze the orc.
You kill the orc!
Your Unarmed Combat skill increases to level 5!
It was a potion of might.
You feel very mighty all of a sudden.
You closely miss the orc. Your grab misses the orc. You barely miss the orc.
You grab the orc. You constrict the orc. The orc hits you with a +0 flail!
You die...

####.#
♣P
#...†#
♣≈
#.####
♣≈ #.#
#≈♣
#.# #
#♣♣
#.#
#.#♣♣
#.#
#.#P♣
#(#
#.≈≈≈
#@#
#.♣≈P
#o#
#.≈≈≈
#(# #
.....#
.### #


You could see an orc.

Vanquished Creatures
  3 adders
  2 dart slugs
  2 orcs (D:3)
  A ball python (D:1)
  5 bats
  2 giant cockroaches
  5 goblins
  2 hobgoblins (D:1)
  6 jackals (D:1)
  2 frilled lizards
  A kobold (D:1)
  6 rats
37 creatures vanquished.

Notes
Turn   | Place    | Note
-------+----------+-------------------------------------------
     0 | D:1      | Irenicus the Octopode Transmuter began the quest for the
                  | Orb.
     0 | D:1      | Reached XP level 1. HP: 13/13 MP: 3/3
    59 | D:1      | Reached XP level 2. HP: 12/18 MP: 3/5
   204 | D:1      | Learned a level 2 spell: Sticks to Snakes
   222 | D:1      | Reached skill level 4 in Unarmed Combat
   279 | D:2      | Reached XP level 3. HP: 16/23 MP: 4/6
   310 | D:2      | Found an opulent altar of Gozag.
   311 | D:2      | Found a shadowy altar of Dithmenos.
   651 | D:3      | Reached XP level 4. HP: 13/28 MP: 7/7
   727 | D:3      | HP: 7/28 [orc (4)]
   729 | D:3      | Gained mutation: Your flesh is heat resistant. (rF+)
                  | [potion of mutation]
   729 | D:3      | Gained mutation: Your mind is acute. (Int +2) [potion of
                  | mutation]
   729 | D:3      | Gained mutation: Your spells are a little harder to cast,
                  | but a little more powerful. [potion of mutation]
   730 | D:3      | HP: 3/28 [orc (4)]
   731 | D:3      | Reached skill level 5 in Unarmed Combat
   734 | D:3      | Slain by an orc

Skill      XL: |  1  2  3  4 |
---------------+-------------+-----
Unarmed Combat | 4 5 |  5.0
Fighting       | |  1.0
Dodging        | |  2.0
Spellcasting   | |  2.0
Transmutations | |  2.0

Action                   |  1- 3 |  4- 6 || total
-------------------------+-------+-------++-------
Melee: Unarmed           |    74 |    11 ||    85
       Constrict         |    20 |     3 ||    23
       Kick              |     3 |       ||     3
       Tentacles         |     5 |     2 ||     7
       Punch             |     3 |     1 ||     4
 Cast: Beastly Appendage |     6 |       ||     6
  Use: Potion            |       |     3 ||     3
 Stab: Sleeping          |     7 |       ||     7
Armor: Skin              |     9 |       ||     9
Dodge: Dodged            |    53 |     4 ||    57

Levels and vault maps discovered:
D:1:      dpeg_arrival_pits, layout_basic
D:2:      layout_loops_cross, gammafunk_temple_overflow_statue, first_ration,
          grunt_decor_resistance
D:3:      layout_loops_ring, old_standard_altar,
          chequers_temple_overflow_statue_of_worship, chequers_decorated_corner,
          serial_bayou_lagoon_b

Table legend:
 A = Turns spent in this place as a percentage of turns spent in the entire game.
 B = Non-inter-level travel turns spent in this place as a percentage of non-inter-level travel turns spent in the entire game.
 C = Inter-level travel turns spent in this place as a percentage of turns spent in this place.
 D = Turns resting spent in this place as a percentage of non-inter-level travel turns spent in this place.
 E = Turns spent auto-exploring this place as a percentage of non-inter-level travel turns spent in this place.
 F = Non-inter-level travel turns spent in this place divided by the number of levels of this place that you've seen.
                   A       B       C       D       E      F
               +-------+-------+-------+-------+-------+----------------------
         Total | 100.0 | 100.0 |   0.0 |   0.0 |   0.0 | 244.7
       Dungeon | 100.0 | 100.0 |   0.0 |   0.0 |   0.0 | 244.7
               +-------+-------+-------+-------+-------+----------------------

Table legend:
 A = Kills in this place as a percentage of kills in entire the game.
 B = Kills by you in this place as a percentage of kills by you in the entire game.
 C = Kills by friends in this place as a percentage of kills by friends in the entire game.
 D = Other kills in this place as a percentage of other kills in the entire game.
 E = Experience gained in this place as a percentage of experience gained in the entire game.
 F = Experience gained in this place divided by the number of levels of this place that you have seen.
                   A       B       C       D       E      F
               +-------+-------+-------+-------+-------+----------------------
         Total | 100.0 | 100.0 |   N/A |   N/A | 100.0 |  34.0
       Dungeon | 100.0 | 100.0 |   N/A |   N/A | 100.0 |  34.0
               +-------+-------+-------+-------+-------+----------------------
